 Dungeon Crawl Stone Soup version 0.30-a0-918-g0ff054e9dc (webtiles) character file.

Game seed: 10542038888731218889

1019 cforsyth the Trooper (level 8, -13/63 HPs)
             Began as a Human Fighter on Mar 20, 2023.
             Was a Follower of Okawaru.
             Mangled by an ogre
             ... wielding a +0 giant club
              (19 damage)
             ... on level 6 of the Dungeon.
             The game lasted 00:06:47 (6956 turns).

cforsyth the Trooper (Human Fighter)                Turns: 6956, Time: 00:06:47

Health: -13/63     AC:  9    Str: 18 (21) XL:     8   Next: 46%
Magic:  8/8        EV:  9    Int:  5 (8)  God:    Okawaru [*.....]
Gold:   238        SH:  5    Dex: 11 (13) Spells: 7/7 levels left

rFire   . . .      SeeInvis .    u - +6 rapier of Semehoc {pain, Str+2}
rCold   . . .      Faith    .    c - +0 buckler
rNeg    + . .      Spirit   .    b - +0 scale mail
rPois   .          Reflect  .    m - +0 helmet
rElec   .          Rampage  .    (no cloak)
rCorr   .                        (no gloves)
Will    .....                    t - +0 pair of boots Stlth
                                 (no amulet)
HPRegen 0.30/turn                s - ring of positive energy
MPRegen 0.11/turn                (no ring)

@: attractive
A: no striking features
a: Renounce Religion, Heroism


You were on level 6 of the Dungeon.
You worshipped Okawaru.
Okawaru was aware of your devotion.
You visited 2 branches of the dungeon, and saw 7 of its levels.

You collected 349 gold pieces.
You spent 111 gold pieces at shops.

Inventory:

Hand Weapons
 a - a +0 flail
 u - the +6 rapier of Semehoc (weapon) {pain, Str+2}
   (You found it on level 4 of the Dungeon)

   Str:       It affects your strength (+2).
Armour
 b - a +0 scale mail (worn)
 c - a +0 buckler (worn)
 m - a +0 helmet (worn)
 t - a +0 pair of boots (worn)
Jewellery
 e - a ring of wizardry
 s - a ring of positive energy (left hand)
 x - an amulet of guardian spirit
Scrolls
 f - 2 scrolls of vulnerability {unknown}
 h - 2 scrolls of magic mapping {unknown}
 j - a scroll of fog {unknown}
 n - 2 scrolls of poison {unknown}
 o - a scroll of acquirement {unknown}
 q - 5 scrolls of identify {unknown}
 r - a scroll of silence {unknown}
 v - a scroll of enchant armour {unknown}
 y - a scroll of blinking {unknown}
 A - 3 scrolls of teleportation {unknown}
 B - 3 scrolls of brand weapon {unknown}
Potions
 d - 2 potions of might
 g - a potion of heal wounds {unknown}
 i - a potion of magic {unknown}
 l - 2 potions of curing
 p - a potion of degeneration
 w - a potion of attraction
 z - a potion of berserk rage {unknown}
 C - a potion of lignification {unknown}
 D - a potion of experience {unknown}


   Skills:
 + Level 5.5 Fighting
 + Level 5.0 Maces & Flails
 + Level 5.4 Armour
 + Level 5.4 Shields


You had 7 spell levels left.
You didn't know any spells.
Your spell library contained the following spells:

 Spells                   Type           Power      Damage    Failure   Level
 Dazzling Flash           Conj/Hex       0%         N/A       99%         3
 Ozocubu's Armour         Ice            0%         N/A       99%         3
 Agony                    Necr           0%         N/A       100%        5
 Silence                  Hex/Air        0%         N/A       100%        5
 Ozocubu's Refrigeration  Ice            0%         4d7       100%        7
 Summon Forest            Summ/Tloc      Unusable   N/A       N/A         5
 Summon Mana Viper        Hex/Summ       Unusable   N/A       N/A         5
 Summon Cactus Giant      Summ           Unusable   N/A       N/A         6

Dungeon Overview and Level Annotations

Branches:
Dungeon (6/15)             Temple (1/1) D:5

Altars:
Ashenzari
Elyvilon
Gozag
Nemelex Xobeh
Okawaru
Qazlal
Ru
Sif Muna
Trog
Uskayaw
Yredelemnul
Zin

Shops:
D:1 *   D:2 [(?(

Annotations:
D:1 1 transporter
D:3 1 runed translucent door, Iniera's ghost, amateur TeFi
D:6 2 runed translucent doors


Message History

You are too injured to fight recklessly!
You are too injured to fight recklessly!
An orc comes into view. It is wielding a +0 club.
The orc barely misses you.
The orc priest attacks as you move away!
The orc priest hits you but does no damage.
An orc wizard comes into view. It is wielding a +0 dagger.
There is an open door here.
The orc attacks as you move away! The orc hits you but does no damage.
You barely miss the orc priest.
The orc priest is heavily wounded.
The orc priest completely misses you.
The orc priest mumbles some strange prayers to Beogh against you.
Beogh smites you!
* * * LOW HITPOINT WARNING * * *
You hit the orc priest.
The orc priest is severely wounded.
The orc priest hits you with a +0 club.
* * * LOW HITPOINT WARNING * * *
You puncture the orc priest!
You kill the orc priest!
Okawaru accepts your kill.
The orc wizard casts a spell.
The orc wizard flickers and vanishes!
Deactivating autopickup; reactivate with Ctrl-A.
An ufetubus comes into view.
The ufetubus shouts!
Unknown command.
It was a potion of degeneration.
There was something very wrong with that liquid.
You feel weakened.
You feel dopey.
You feel clumsy. The ogre hits you with a +0 giant club!
* * * LOW HITPOINT WARNING * * *
It was a potion of attraction.
You feel attractive to monsters.
It was a potion of cancellation.
Your magical effects are unravelling.
You feel magically purged.
The ogre hits you with a +0 giant club!!
You die...

#.######..#..##..##.#.#..#
#.# #.....##.....#.##.#
##.########...##.##########
#.................
##.#.##########.## . #...#
### . . #.#######.##♣♣.♣♣
~. #................ .
#########@##♣♣.♣♣ $ ####O##
#..oo{## #....o5# #......#
#......# #........
#......... #..........


You could see an ogre, 3 orcs and an ufetubus.

Vanquished Creatures
  An ogre (D:6)
  A phantom (D:6)
  2 scorpions
  A jelly (D:5)
  2 orc priests (D:6)
  2 hounds (D:6)
  2 gnoll boudas
  Terence (D:2)
  7 iguanas
  An orc wizard (D:6)
  Robin (D:1)
  10 gnolls
  10 adders
  A white imp (D:6)
  2 worms
  2 dart slugs
  9 orcs
  9 ball pythons
  4 endoplasms
  16 goblins
  7 hobgoblins
  4 jackals
  7 quokkas
  3 frilled lizards
  5 kobolds
  3 rats
113 creatures vanquished.

Notes
Turn   | Place    | Note
-------+----------+-------------------------------------------
     0 | D:1      | cforsyth the Human Fighter began the quest for the Orb.
     0 | D:1      | Reached XP level 1. HP: 18/18 MP: 1/1
   342 | D:1      | Reached XP level 2. HP: 23/23 MP: 2/2
  1018 | D:1      | Found Zaxtuhaa's Assorted Antiques.
  1022 | D:1      | Bought a sedimented emerald potion for 21 gold pieces
  1022 | D:1      | Bought a clear potion for 21 gold pieces
  1022 | D:1      | Bought a clear potion for 21 gold pieces
  1287 | D:2      | Reached XP level 3. HP: 27/29 MP: 3/3
  1437 | D:2      | Found Naugiesch's Antique Weapon Boutique.
  1471 | D:2      | Noticed Robin
  1503 | D:1      | Killed Robin
  1722 | D:1      | Reached XP level 4. HP: 27/35 MP: 4/4
  2115 | D:2      | Found Qomaux's Antique Weapon Shoppe.
  2133 | D:2      | Identified the +1 leather armour of Vevuylij {Str+3 SInv}
  2252 | D:2      | Found Voukerud's Armour Boutique.
  2351 | D:2      | Noticed Terence
  2354 | D:2      | Found Jeimeleg's Magic Scroll Emporium.
  2367 | D:2      | Killed Terence
  2368 | D:2      | Reached XP level 5. HP: 30/42 MP: 5/5
  2602 | D:1      | Bought a scroll labelled IMPAHU EM CIKK for 24 gold pieces
  2602 | D:1      | Bought a scroll labelled ZEC WAPTIGEPT for 24 gold pieces
  2684 | D:3      | Found a runed translucent door.
  2684 | D:3      | Noticed Iniera's ghost (amateur TeFi)
  3777 | D:4      | Identified the +6 rapier of Semehoc {pain, Str+2}
  3798 | D:4      | Found a bloodstained altar of Trog.
  3820 | D:4      | Reached XP level 6. HP: 42/48 MP: 6/6
  4205 | D:4      | Identified the +4 war axe of Naeddase {heavy, rPois Will+
                  | Str+3}
  4206 | D:4      | Found a white marble altar of Elyvilon.
  4455 | D:5      | Entered Level 5 of the Dungeon
  4579 | D:5      | Found a staircase to the Ecumenical Temple.
  4587 | Temple   | Entered the Ecumenical Temple
  4632 | Temple   | Became a worshipper of Warmaster Okawaru
  4699 | Temple   | Reached XP level 7. HP: 48/55 MP: 7/7
  5691 | D:5      | Found a hide-covered altar of Uskayaw.
  6000 | D:6      | Reached skill level 5 in Fighting
  6000 | D:6      | Reached skill level 5 in Armour
  6000 | D:6      | Reached skill level 5 in Shields
  6007 | D:6      | Reached XP level 8. HP: 10/62 MP: 8/8
  6560 | D:5      | Reached * piety under Okawaru
  6752 | D:6      | Found a large runed translucent door.
  6752 | D:6      | Found a large runed translucent door.
  6837 | D:6      | Reached skill level 5 in Maces & Flails
  6956 | D:6      | Mangled by an ogre

Illustrated notes

Levels and vault maps discovered:
D:1:      spicycebolla_arrival_risky_transporter, layout_basic, serial_shops,
          shop
D:2:      layout_basic, serial_shops, shop, nicolae_shop_statue_plus,
          nicolae_shop_temple_entry_statues_fountains, shop, uniq_robin,
          uniq_terence
D:3:      layout_basic, gammafunk_ghost_grave, patterned_corridor
D:4:      layout_cave_pods, elyvilon_altar_4, lemuel_doored_altar,
          kennysheep_opposing_triangles
D:5:      layout_basic, eat_drink_and_be_merry_uskayaw,
          minmay_temple_entry_mini_moons
D:6:      layout_basic, ebering_ghost_disaster_area, minmay_tree_intersection
Temple:   nicolae_temple_superstar

Skill      XL: |  1  2  3  4  5  6  7  8 |
---------------+-------------------------+-----
Maces & Flails | 3 4 5 |  5.0
Fighting       | 4 5 |  5.5
Armour         | 4 5 |  5.4
Shields        | 4 5 |  5.4

Action                     |  1- 3 |  4- 6 |  7- 9 || total
---------------------------+-------+-------+-------++-------
  Melee: Flail             |   112 |   134 |       ||   246
         Rapier            |       |    53 |   177 ||   230
    Use: Potion            |       |       |     4 ||     4
 Armour: Scale mail        |    62 |    91 |    76 ||   229
  Dodge: Dodged            |    67 |   104 |    78 ||   249
  Block: Buckler           |    27 |    55 |    41 ||   123

Table legend: (Time is in decaauts)
 A = Elapsed time spent in this place.
 B = Non-inter-level travel time spent in this place.
 C = Inter-level travel time spent in this place.
 D = Time resting spent in this place.
 E = Time spent auto-exploring this place.
 F = Levels seen in this place.
 G = Mean time per level.
                   A        B        C        D        E       F      G
               +--------+--------+--------+--------+--------+-----+--------+
         Total |   7097 |   6877 |    220 |   1081 |   4684 |   7 | 1013.9 |
       Dungeon |   6646 |   6454 |    192 |    738 |   4652 |   6 | 1107.7 |
        Temple |    450 |    422 |     28 |    343 |     32 |   1 |  450.0 |
               +--------+--------+--------+--------+--------+-----+--------+

Top non-repeatable levels by time:
     D:1: 1685 daAuts
     D:5: 1234 daAuts
     D:4: 1051 daAuts
     D:2: 1002 daAuts
     D:3: 925 daAuts
     D:6: 748 daAuts
  Temple: 450 daAuts
